 Dungeon Crawl Stone Soup version 0.18.1-48-g4cf74bf (webtiles) character file.

257 Grim the Vexing (level 5, 0/33 HPs)
             Began as a High Elf Arcane Marksman on July 18, 2016.
             Slain by a giant frog (4 damage)
             ... in a sewer.
             The game lasted 00:13:14 (4421 turns).

Grim the Vexing (High Elf Arcane Marksman)          Turns: 4421, Time: 00:13:14

Health: 0/33       AC:  4    Str: 10    XL:     5   Next: 93%
Magic:  7/7        EV: 13    Int: 16    God:
Gold:   44         SH:  2    Dex: 16    Spells: 2 memorised, 3 levels left

rFire  . . .     SeeInvis .     b - +1 dagger (venom)
rCold  . . .     Gourm    .     j - +0 robe
rNeg   . . .     Faith    .     (no shield)
rPois  .         Spirit   .     p - +1 helmet
rElec  .         Dismiss  .     (no cloak)
rCorr  .         Reflect  +     (no gloves)
SustAt .         Harm     .     (no boots)
MR     .....                    e - +2 amulet of reflection
Stlth  +.........               (no ring)
                                (no ring)

@: not resistant to hostile enchantments, very unstealthy
A: no striking features
a: no special abilities


You were in a sewer.
You were not hungry.

You visited 1 branch of the dungeon, and saw 3 of its levels.
You also visited: Sewer.

You collected 44 gold pieces.

Inventory:

Hand Weapons
 a - a +0 shortbow
 b - a +1 dagger of venom (weapon)
 s - a +0 dagger
Missiles
 d - 8 arrows
Armour
 j - a +0 robe (worn)
 p - a +1 helmet (worn)
Jewellery
 e - a +2 amulet of reflection (around neck)
Scrolls
 g - a scroll of immolation {unknown}
 i - a scroll of fog {unknown}
 l - 2 scrolls of blinking {unknown}
 m - a scroll of magic mapping {unknown}
 o - a scroll of noise {unknown}
 r - 2 scrolls of fear {unknown}
 t - 2 scrolls of identify {unknown}
 w - a scroll of teleportation {unknown}
 x - a scroll of recharging {unknown}
Potions
 k - a potion of cure mutation {unknown}
 n - 2 potions of might {unknown}
 v - a potion of magic
Books
 c - a book of Debilitation

   Spells                             Type                      Level
   a - Corona                         Hexes                        1
   b - Slow                           Hexes                        2
   c - Gell's Gravitas                Hexes/Translocation          3
   d - Inner Flame                    Hexes/Fire                   3
   e - Cause Fear                     Hexes                        4
   f - Leda's Liquefaction            Hexes/Earth                  4
Comestibles
 f - a bread ration
 q - a chunk of flesh
 u - a beef jerky


   Skills:
 - Level 1.0 Fighting
 - Level 2.1 Short Blades
 + Level 5.0 Bows
 - Level 2.1 Dodging
 - Level 1.2 Spellcasting
 * Level 5.4 Hexes


You had 3 spell levels left.
You knew the following spells:

 Your Spells              Type           Power        Failure   Level  Hunger
a - Corona                Hex            ###....      2%          1    ##.....
b - Slow                  Hex            ###.....     4%          2    ###....


Dungeon Overview and Level Annotations

Branches:
Dungeon (3/15)

Altars:


Message History

* * * LOW HITPOINT WARNING * * *
The giant frog barely misses you.
Drink which item? (? for menu, Esc to quit)
You feel better. The giant frog hits you!
* * * LOW HITPOINT WARNING * * *
The giant frog hits you.
* * * LOW HITPOINT WARNING * * *
Drink which item? (? for menu, Esc to quit)
You feel better.
The giant frog hits you but does no damage.
The giant frog hits you.
* * * LOW HITPOINT WARNING * * *
The giant frog hits you.
* * * LOW HITPOINT WARNING * * *
The giant frog closely misses you.
Drink which item? (? for menu, Esc to quit)
It was a potion of magic.
Magic courses through your body.
The giant frog hits you but does no damage.
The giant frog hits you.
You die...

≈≈≈≈≈#
#####≈≈≈≈≈≈#
≈≈≈≈≈#
#≈≈≈≈≈≈#
≈≈≈≈≈#
#≈≈≈≈≈≈#
≈≈≈≈≈#
#≈≈≈≈≈≈#
≈≈≈≈≈#
#≈≈≈≈≈≈#
≈≈÷†≈#
#≈≈≈≈≈≈#
≈(.≈≈#
#≈≈≈≈≈≈#
≈≈≈≈≈#
#≈≈≈≈≈≈#
≈≈≈≈≈#
#≈≈≈@≈≈#
≈≈≈≈≈#
#≈≈FF≈≈#
≈≈≈≈≈#
#≈≈≈≈≈≈#
≈≈≈≈≈#
#≈≈≈≈≈≈#
≈≈≈≈≈#
#≈≈÷≈≈≈#
≈≈≈≈≈#
#≈≈≈≈≈≈#
≈≈≈≈≈#
#≈≈≈≈≈≈#
≈≈≈≈≈#
#≈≈≈≈≈≈#
≈≈≈≈≈#
#≈≈≈≈≈≈#


You could see 2 giant frogs.

Vanquished Creatures
  A gnoll (D:1)
  8 adders
  8 river rats (Sewer)
  A worm (D:1)
  A dart slug (D:2)
  A giant gecko (D:2)
  6 bats
  7 giant cockroaches
  9 goblins
  6 hobgoblins
  6 jackals
  A quokka (D:2)
  15 ball pythons
  9 giant newts
  6 kobolds
  27 rats
112 creatures vanquished.

Notes
Turn   | Place    | Note
--------------------------------------------------------------
     0 | D:1      | Grim the High Elf Arcane Marksman began the quest for the Orb.
     0 | D:1      | Reached XP level 1. HP: 13/13 MP: 3/3
   352 | D:1      | Reached XP level 2. HP: 18/18 MP: 4/4
   617 | D:1      | Reached XP level 3. HP: 23/23 MP: 3/5
  1240 | D:2      | Reached skill level 1 in Short Blades
  1675 | D:2      | Reached XP level 4. HP: 23/28 MP: 4/6
  2144 | D:2      | Learned a level 2 spell: Slow
  3053 | D:3      | Found a glowing drain.
  3125 | Sewer    | Entered a sewer
  3218 | Sewer    | Reached XP level 5. HP: 26/33 MP: 5/7
  3712 | Sewer    | Reached skill level 5 in Hexes
  4234 | Sewer    | Reached skill level 5 in Bows
  4419 | Sewer    | HP: 1/33 [giant frog (5)]
  4421 | Sewer    | Slain by a giant frog

Skill      XL: |  1  2  3  4  5 |
---------------+----------------+-----
Bows           | 3 4 5 |  5.0
Hexes          | 4 5 |  5.4
Short Blades   | 1 2 |  2.1
Fighting       | |  1.0
Dodging        | |  2.1
Spellcasting   | |  1.2

Action                   |  1- 3 |  4- 6 || total
-------------------------+-------+-------++-------
Melee: Unarmed           |    24 |       ||    24
       Dagger            |    26 |   196 ||   222
 Fire: Shortbow          |    65 |    47 ||   112
 Cast: Corona            |    38 |    38 ||    76
  Use: Potion            |       |     4 ||     4
 Stab: Sleeping          |       |     1 ||     1
  Eat: Chunk             |     1 |     4 ||     5
       Bread ration      |     1 |     1 ||     2
Armor: Robe              |    15 |    51 ||    66
Dodge: Dodged            |    49 |   182 ||   231
Block: Other             |     9 |    15 ||    24
